Bruins vs Flames
(R1)
Created - 26 mai 2013 at 00:10
Goals
|
| Bruins |
2 |
1 |
2 |
5 |
| Flames |
0 |
1 |
1 |
2 |
|
Shots
|
| Bruins |
11 |
10 |
11 |
32 |
| Flames |
7 |
10 |
17 |
34 |
|
1st period
1. Bruins , Wayne Primeau 1 (Victor Oreskovich, Michael Ryder) at 6:22
2. Bruins , Wojtek Wolski 1 (Daniel Briere, Andrew Alberts) at 12:17 (PP)
Penalties :
Matt Cooke (Bos) for Hooking (Minor) at 3:40, Eric Staal (Cal) for Roughing (Minor) at 7:29, Pekka Rinne (Cal) for Slashing (Minor) at 12:05 - Rob Blake served the penalty, Jeff Carter (Bos) for Tripping (Minor) at 15:03, Daniel Briere (Bos) for Interference (Minor) at 19:36
2nd period
3. Bruins , Michael Ryder 2 (Matt Hendricks, Scottie Upshall) at 7:26
4. Flames , Eric Staal 3 (Pavel Bure, Tomas Kaberle) at 18:06
Penalties :
Matt Cooke (Bos) for Holding (Minor) at 4:42, Jeff Carter (Bos) for Hooking (Minor) at 8:11, Petr Schastlivy (Cal) for Holding (Minor) at 11:18, Vitali Yachmenev (Bos) for High sticking (Minor) at 19:09
3rd period
5. Bruins , Vitali Yachmenev 1 (Jeff Carter) at 1:26
6. Flames , Eric Staal 4 (Pavel Bure, Tomas Kaberle) at 14:53 (PP)
7. Bruins , Eric Lindros 4 (Wojtek Wolski) at 15:46
Penalties :
Daniel Briere (Bos) for Interference (Minor) at 1:27, Michal Handzus (Cal) for Holding (Minor) at 8:22, Michael Ryder (Bos) for High sticking (Minor) at 8:22, Josef Vasicek (Cal) for Close Hand On Puck (Minor) at 11:50, Victor Oreskovich (Bos) for Elbowing (Minor) at 14:06
Goalie Stats
Evgeni Nabokov (Bos), 32 saves from 34 shots - (0,941), W, 2-0-0, 60:00 minutes
Pekka Rinne (Cal), 27 saves from 32 shots - (0,844), L, 0-1-1, 60:00 minutes
Players Stats for Bruins
Player Name G A P +/- PIM S H SB GA TA FO MP PP MP PK MP
------------------------------------------------------------------------------------
Andrew Alberts 0 1 1 0 0 2 1 0 0 1 0/0 27:49 3:46 8:11
Christoph Schubert 0 0 0 1 0 0 1 1 0 1 0/0 11:18 0:00 0:07
Daniel Briere 0 1 1 1 4 2 5 1 0 0 1/3 21:55 3:21 5:49
Eric Lindros 1 0 1 1 0 2 1 1 0 1 26/42 24:40 3:28 8:24
Jeff Carter 0 1 1 0 4 2 0 0 2 0 7/12 15:15 2:31 1:18
Joe Corvo 0 0 0 2 0 3 0 1 0 1 0/0 20:53 2:23 6:22
Matt Cooke 0 0 0 1 4 1 0 0 1 0 0/0 12:16 0:00 2:35
Matt Hendricks 0 1 1 1 0 0 0 0 0 0 2/4 6:15 0:00 0:06
Michael Ryder 1 1 2 1 2 2 0 0 0 0 0/1 6:48 0:17 0:00
Richard Lintner 0 0 0 1 0 0 1 1 0 0 0/0 10:49 0:00 0:00
Ryan O'Byrne 0 0 0 2 0 2 0 2 0 0 0/0 20:53 2:23 6:22
Scott Hartnell 0 0 0 0 0 5 2 0 0 1 1/2 14:47 2:31 1:30
Scottie Upshall 0 1 1 1 0 1 1 0 0 0 0/0 6:58 0:17 0:00
Victor Oreskovich 0 1 1 1 2 2 2 0 0 1 0/0 8:34 0:10 0:00
Vitali Yachmenev 1 0 1 0 2 3 0 0 0 0 0/0 12:53 2:31 0:00
Wayne Primeau 1 0 1 1 0 2 2 0 0 0 0/1 13:12 0:00 4:49
Wojtek Wolski 1 1 2 1 0 2 0 1 0 0 3/4 19:39 3:21 4:49
Zdeno Chara 0 0 0 0 0 1 3 2 0 1 0/0 28:18 3:46 8:18
Players Stats for Flames
Player Name G A P +/- PIM S H SB GA TA FO MP PP MP PK MP
------------------------------------------------------------------------------------
Alexander Semin 0 0 0 0 0 3 1 3 0 1 0/0 18:44 7:48 1:57
Brett Lebda 0 0 0 -1 0 0 0 0 0 1 0/0 11:01 5:27 0:00
David Backes 0 0 0 -3 0 7 2 0 0 0 0/1 19:31 6:44 0:00
Derek Meech 0 0 0 -1 0 0 2 1 0 0 0/0 11:56 0:00 2:13
Eric Staal 2 0 2 0 2 8 4 0 1 0 15/41 23:34 7:48 1:17
Erik Johnson 0 0 0 -2 0 0 1 2 0 0 0/0 16:20 5:27 0:00
Jordin Tootoo 0 0 0 0 0 1 1 0 1 0 0/0 12:21 0:08 2:01
Josef Vasicek 0 0 0 0 2 3 2 0 1 0 5/10 17:41 6:44 0:41
Mark Bell 0 0 0 -3 0 0 1 0 0 0 0/0 5:57 0:08 0:29
Michal Handzus 0 0 0 0 2 0 1 0 1 0 8/12 11:54 0:08 3:11
Pavel Bure 0 2 2 0 0 3 2 0 1 1 0/0 22:02 7:48 0:00
Petr Schastlivy 0 0 0 0 2 1 1 1 0 0 0/3 16:31 0:00 1:59
Rob Blake 0 0 0 -1 0 1 0 0 1 0 0/0 22:01 9:13 2:13
Ron Hainsey 0 0 0 -1 0 2 1 1 0 0 0/0 12:44 0:00 3:56
Steve Eminger 0 0 0 0 0 2 1 2 0 0 0/0 20:46 0:00 3:56
Steve Sullivan 0 0 0 0 0 2 1 1 1 0 0/0 17:22 6:44 0:00
Steven Reinprecht 0 0 0 -3 0 0 0 0 0 0 1/2 6:11 0:00 0:43
Tomas Kaberle 0 2 2 0 0 1 0 0 0 0 0/0 25:12 9:13 0:00
3 Stars
1 - Eric Staal (Cal)
2 - Wojtek Wolski (Bos)
3 - Wayne Primeau (Bos)
Power Play
Bruins - 1 on 4 Attempt(s) - 25,00%
Flames - 1 on 8 Attempt(s) - 12,50%
Penalty Kill
Bruins - 7 on 8 Attempt(s) - 87,50%
- Score 0 goal in Penalty Kill
Flames - 3 on 4 Attempt(s) - 75,00%
- Score 0 goal in Penalty Kill
Official
Referees : Dwyer Gord and Fraser Kerry
Linesman : Steve Barton and Michel Cormier
Game Notes
12:30 of 1st period - Bruins goal is going for a video replay. After video review, No Goal. The puck has been directed, batted or thrown into the net by an attacking player other than with a stick.
Finance
Level 1 -- Attendance: 4621 (77,02%) -- Ticket Income 457 479 $
Level 2 -- Attendance: 3797 (75,94%) -- Ticket Income 246 805 $
Level 3 -- Attendance: 1669 (83,45%) -- Ticket Income 58 415 $
Level 4 -- Attendance: 2944 (73,60%) -- Ticket Income 73 600 $
Luxury Box -- Attendance: 771 (77,10%) -- Ticket Income 165 765 $
Game was played at the Metal Center
Total Attendance: 13802 (76,68%)
Total Ticket Income: 1 002 064 $
Other Income: 50 103 $
Total Income: 1 052 167 $
Bruins
5 vs 5 Forward
Center Left Wing Right Wing Time % Phy DF OF
1 Eric Lindros Wojtek Wolski Daniel Briere 40 1 2 2
2 Jeff Carter Scott Hartnell Vitali Yachmenev 30 1 2 2
3 Wayne Primeau Matt Cooke Victor Oreskovich 20 1 2 2
4 Matt Hendricks Scottie Upshall Michael Ryder 10 1 2 2
5 vs 5 Defense
Defense Defense Time % Phy DF OF
1 Zdeno Chara Andrew Alberts 40 1 2 2
2 Ryan O'Byrne Joe Corvo 30 1 2 2
3 Richard Lintner Christoph Schubert 20 1 2 2
4 Zdeno Chara Andrew Alberts 10 1 2 2
PowerPlay Forward
Center Left Wing Right Wing Time % Phy DF OF
1 Eric Lindros Wojtek Wolski Daniel Briere 60 1 2 2
2 Jeff Carter Scott Hartnell Vitali Yachmenev 40 1 2 2
PowerPlay Defense
Defense Defense Time % Phy DF OF
1 Zdeno Chara Andrew Alberts 60 1 2 2
2 Ryan O'Byrne Joe Corvo 40 1 2 2
Penalty Kill 4 Players Forward
Center Wing Time % Phy DF OF
1 Eric Lindros Daniel Briere 60 1 2 2
2 Wojtek Wolski Wayne Primeau 40 1 2 2
Penalty Kill 4 Players Defense
Defense Defense Time % Phy DF OF
1 Zdeno Chara Andrew Alberts 60 1 2 2
2 Ryan O'Byrne Joe Corvo 40 1 2 2
Penalty Kill - 3 Players Forward
Forward Time % Phy DF OF
1 Eric Lindros 60 1 2 2
2 Wayne Primeau 40 1 2 2
Penalty Kill - 3 Players Defense
Defense Defense Time % Phy DF OF
1 Zdeno Chara Andrew Alberts 60 1 2 2
2 Ryan O'Byrne Joe Corvo 40 1 2 2
4 vs 4 Forward
Center Wing Time % Phy DF OF
1 Eric Lindros Daniel Briere 60 1 2 2
2 Wojtek Wolski Jeff Carter 40 1 2 2
4 vs 4 Defense
Defense Defense Time % Phy DF OF
1 Zdeno Chara Andrew Alberts 60 1 2 2
2 Ryan O'Byrne Joe Corvo 40 1 2 2
Last Minutes Offensive
Center Left Wing Right Wing Defense Defense
Eric Lindros Wojtek Wolski Daniel Briere Zdeno Chara Andrew Alberts
Last Minutes Defensive
Center Left Wing Right Wing Defense Defense
Eric Lindros Wojtek Wolski Daniel Briere Zdeno Chara Andrew Alberts
Goaltenders
Starting : Evgeni Nabokov
Backup : Scott Clemmensen
Extra Forwards
Normal : Michael Ryder, Scottie Upshall, Matt Cooke - PP : Michael Ryder, Scottie Upshall - PK : Matt Cooke
Extra Defensemen
Normal : Richard Lintner, Christoph Schubert, Ryan O'Byrne - PP : Richard Lintner - PK : Christoph Schubert, Ryan O'Byrne
Penalty Shots
Eric Lindros, Jeff Carter, Wojtek Wolski, Daniel Briere, Zdeno Chara
Flames
5 vs 5 Forward
Center Left Wing Right Wing Time % Phy DF OF
1 Eric Staal Petr Schastlivy Pavel Bure 40 1 2 2
2 Michal Handzus Alexander Semin David Backes 30 1 2 2
3 Josef Vasicek Steve Sullivan Jordin Tootoo 20 1 2 2
4 Steven Reinprecht Mark Bell David Backes 10 1 2 2
5 vs 5 Defense
Defense Defense Time % Phy DF OF
1 Tomas Kaberle Steve Eminger 40 1 2 2
2 Derek Meech Rob Blake 30 1 2 2
3 Ron Hainsey Erik Johnson 20 1 2 2
4 Brett Lebda Steve Eminger 10 1 2 2
PowerPlay Forward
Center Left Wing Right Wing Time % Phy DF OF
1 Eric Staal Alexander Semin Pavel Bure 60 1 1 3
2 Josef Vasicek Steve Sullivan David Backes 40 1 1 3
PowerPlay Defense
Defense Defense Time % Phy DF OF
1 Tomas Kaberle Rob Blake 60 1 2 2
2 Brett Lebda Erik Johnson 40 1 2 2
Penalty Kill 4 Players Forward
Center Wing Time % Phy DF OF
1 Michal Handzus Petr Schastlivy 60 1 3 1
2 Eric Staal Jordin Tootoo 40 1 3 1
Penalty Kill 4 Players Defense
Defense Defense Time % Phy DF OF
1 Ron Hainsey Steve Eminger 60 1 3 1
2 Derek Meech Rob Blake 40 1 3 1
Penalty Kill - 3 Players Forward
Forward Time % Phy DF OF
1 Michal Handzus 60 1 3 1
2 Eric Staal 40 1 3 1
Penalty Kill - 3 Players Defense
Defense Defense Time % Phy DF OF
1 Ron Hainsey Steve Eminger 60 1 3 1
2 Derek Meech Rob Blake 40 1 3 1
4 vs 4 Forward
Center Wing Time % Phy DF OF
1 Eric Staal Pavel Bure 60 1 2 2
2 Michal Handzus Alexander Semin 40 1 2 2
4 vs 4 Defense
Defense Defense Time % Phy DF OF
1 Tomas Kaberle Steve Eminger 60 1 2 2
2 Brett Lebda Rob Blake 40 1 2 2
Last Minutes Offensive
Center Left Wing Right Wing Defense Defense
Eric Staal Alexander Semin Pavel Bure Tomas Kaberle Steve Eminger
Last Minutes Defensive
Center Left Wing Right Wing Defense Defense
Eric Staal Petr Schastlivy Pavel Bure Tomas Kaberle Steve Eminger
Goaltenders
Starting : Pekka Rinne
Backup : Craig Anderson
Extra Forwards
Normal : Steve Sullivan, Petr Schastlivy, David Backes - PP : David Backes, Steve Sullivan - PK : Jordin Tootoo
Extra Defensemen
Normal : Rob Blake, Derek Meech, Ron Hainsey - PP : Erik Johnson - PK : Rob Blake, Ron Hainsey
Penalty Shots
Eric Staal, Pavel Bure, Alexander Semin, Steve Sullivan, David Backes
% Time on Ice - Bruins
Lines # - Real PCT - Wanted PCT - Time Play
Normal Forward
1 - 33% - 40% - 12:20
2 - 28% - 30% - 10:27
3 - 22% - 20% - 8:16
4 - 17% - 10% - 6:09
Normal Defense
1 - 41% - 40% - 15:14
2 - 30% - 30% - 11:09
3 - 29% - 20% - 10:49
4 - 0% - 10% - 0:00
PP Forward
1 - 59% - 60% - 3:38
2 - 41% - 40% - 2:31
PP Defense
1 - 61% - 60% - 3:46
2 - 39% - 40% - 2:23
PK Forward
1 - 67% - 60% - 9:51
2 - 33% - 40% - 4:49
PK Defense
1 - 57% - 60% - 8:18
2 - 43% - 40% - 6:22
PK3 Forward
1 - 0% - 60%
2 - 0% - 40%
PK3 Defense
1 - 0% - 60%
2 - 0% - 40%
44 Forward
1 - 83% - 60% - 1:39
2 - 17% - 40% - 0:20
44 Defense
1 - 50% - 60% - 1:00
2 - 50% - 40% - 0:59
Last Minute Offensive - 0:00
Last Minute Defensive - 0:00
Total
Forward - 60:00
Defense - 60:00
|
% Time on Ice - Flames
Lines # - Real PCT - Wanted PCT - Time Play
Normal Forward
1 - 38% - 40% - 14:01
2 - 24% - 30% - 9:06
3 - 24% - 20% - 9:04
4 - 13% - 10% - 5:01
Normal Defense
1 - 40% - 40% - 14:56
2 - 33% - 30% - 12:24
3 - 23% - 20% - 8:25
4 - 4% - 10% - 1:27
PP Forward
1 - 54% - 60% - 7:56
2 - 46% - 40% - 6:44
PP Defense
1 - 63% - 60% - 9:13
2 - 37% - 40% - 5:27
PK Forward
1 - 82% - 60% - 5:03
2 - 18% - 40% - 1:06
PK Defense
1 - 64% - 60% - 3:56
2 - 36% - 40% - 2:13
PK3 Forward
1 - 0% - 60%
2 - 0% - 40%
PK3 Defense
1 - 0% - 60%
2 - 0% - 40%
44 Forward
1 - 83% - 60% - 1:39
2 - 17% - 40% - 0:20
44 Defense
1 - 72% - 60% - 1:26
2 - 28% - 40% - 0:33
Last Minute Offensive - 0:00
Last Minute Defensive - 0:00
Total
Forward - 60:00
Defense - 60:00
|
Play by Play
1st period
0:01 of 1st period - Eric Lindros wins face-off versus Eric Staal in neutral zone.
0:25 of 1st period - Snap shot by Steve Sullivan.
0:25 of 1st period - Deflect By Josef Vasicek.
0:25 of 1st period - Deflect By Andrew Alberts.
0:25 of 1st period - Shot Misses the Net.
0:25 of 1st period - Puck is out of play.
0:26 of 1st period - Josef Vasicek wins face-off versus Jeff Carter in Bruins zone.
0:59 of 1st period - Snap shot by Matt Cooke.
0:59 of 1st period - Shot Blocked by Erik Johnson.
1:44 of 1st period - Snap shot by Mark Bell.
1:44 of 1st period - Shot Hit the Post.
1:48 of 1st period - Snap shot by David Backes.
1:48 of 1st period - Shot Blocked by Christoph Schubert.
1:50 of 1st period - Snap shot by David Backes.
1:50 of 1st period - Shot Blocked by Daniel Briere.
2:11 of 1st period - Snap shot by Jeff Carter.
2:11 of 1st period - Shot Blocked by Derek Meech.
2:27 of 1st period - Wrist shot by Pavel Bure.
2:27 of 1st period - Shot Misses the Net.
2:33 of 1st period - Andrew Alberts is hit by Pavel Bure and loses puck.
2:56 of 1st period - Michael Ryder is hit by Josef Vasicek and loses puck.
3:07 of 1st period - Wrist shot by Daniel Briere.
3:07 of 1st period - Stopped by Pekka Rinne without a rebound.
3:08 of 1st period - Daniel Briere wins face-off versus Michal Handzus in Flames zone.
3:17 of 1st period - Snap shot by David Backes.
3:17 of 1st period - Stopped by Evgeni Nabokov without a rebound.
3:18 of 1st period - Eric Staal wins face-off versus Eric Lindros in Bruins zone.
3:40 of 1st period - Minor Penalty to Matt Cooke for Hooking.
3:41 of 1st period - Eric Lindros wins face-off versus Eric Staal in Bruins zone.
5:40 of 1st period - Penalty to Matt Cooke is over, Matt Cooke is back on ice.
6:20 of 1st period - Snap shot by Victor Oreskovich.
6:20 of 1st period - Shot Misses the Net.
6:22 of 1st period - Snap shot by Wayne Primeau.
6:22 of 1st period - Goal by Wayne Primeau - Bruins : 1 - Flames : 0.
6:23 of 1st period - Eric Lindros wins face-off versus Eric Staal in neutral zone.
6:58 of 1st period - Wrist shot by David Backes.
6:58 of 1st period - Stopped by Evgeni Nabokov without a rebound.
6:59 of 1st period - Jeff Carter wins face-off versus Michal Handzus in Bruins zone.
7:28 of 1st period - Off-side.
7:29 of 1st period - Eric Lindros wins face-off versus Eric Staal in neutral zone.
7:29 of 1st period - Minor Penalty to Eric Staal for Roughing.
7:30 of 1st period - Michal Handzus wins face-off versus Eric Lindros in Flames zone.
7:30 of 1st period - Michal Handzus is hit by Daniel Briere.
9:29 of 1st period - Penalty to Eric Staal is over, Eric Staal is back on ice.
10:13 of 1st period - Ryan O'Byrne is hit by Derek Meech and loses puck.
10:50 of 1st period - Matt Hendricks is hit by Eric Staal and loses puck.
11:16 of 1st period - Snap shot by Wayne Primeau.
11:16 of 1st period - Stopped by Pekka Rinne with a rebound.
11:22 of 1st period - Andrew Alberts is hit by Josef Vasicek and loses puck.
11:54 of 1st period - Derek Meech is hit by Victor Oreskovich and loses puck.
12:05 of 1st period - Slapshot by Joe Corvo.
12:05 of 1st period - Deflect By Rob Blake.
12:05 of 1st period - Stopped by Pekka Rinne without a rebound.
12:05 of 1st period - Minor Penalty to Pekka Rinne for Slashing.
12:06 of 1st period - Michal Handzus wins face-off versus Eric Lindros in Flames zone.
12:17 of 1st period - Slapshot by Wojtek Wolski.
12:17 of 1st period - Goal by Wojtek Wolski - Bruins : 2 - Flames : 0.
12:18 of 1st period - Eric Lindros wins face-off versus Eric Staal in neutral zone.
12:21 of 1st period - Eric Staal is hit by Daniel Briere and loses puck.
12:28 of 1st period - Backhand shot by Eric Lindros.
12:28 of 1st period - Shot Misses the Net.
12:30 of 1st period - Backhand shot by Daniel Briere.
12:30 of 1st period - Bruins goal is going for a video replay.
12:30 of 1st period - The goal is refused. The puck has been directed, batted or thrown into the net by an attacking player other than with a stick..
12:31 of 1st period - Jeff Carter wins face-off versus Eric Staal in Flames zone.
12:34 of 1st period - Slapshot by Jeff Carter.
12:34 of 1st period - Stopped by Pekka Rinne with a rebound.
12:36 of 1st period - Slapshot by Scott Hartnell.
12:36 of 1st period - Stopped by Pekka Rinne with a rebound.
12:38 of 1st period - Wrist shot by Zdeno Chara.
12:38 of 1st period - Stopped by Pekka Rinne without a rebound.
12:39 of 1st period - Scott Hartnell wins face-off versus Eric Staal in Flames zone.
13:16 of 1st period - Zdeno Chara is hit by Alexander Semin and loses puck.
13:31 of 1st period - Slapshot by Scottie Upshall.
13:31 of 1st period - Shot Blocked by Alexander Semin.
13:45 of 1st period - Snap shot by Alexander Semin.
13:45 of 1st period - Stopped by Evgeni Nabokov without a rebound.
13:46 of 1st period - Eric Staal wins face-off versus Jeff Carter in Bruins zone.
13:47 of 1st period - Snap shot by Petr Schastlivy.
13:47 of 1st period - Shot Misses the Net.
14:11 of 1st period - Richard Lintner is hit by Derek Meech and loses puck.
14:16 of 1st period - Wrist shot by Jordin Tootoo.
14:16 of 1st period - Shot Blocked by Richard Lintner.
14:18 of 1st period - Wrist shot by Ron Hainsey.
14:18 of 1st period - Stopped by Evgeni Nabokov without a rebound.
14:19 of 1st period - Eric Staal wins face-off versus Daniel Briere in Bruins zone.
14:52 of 1st period - Wrist shot by Alexander Semin.
14:52 of 1st period - Deflect By Michal Handzus.
14:52 of 1st period - Shot Misses the Net.
14:52 of 1st period - Puck is out of play.
14:53 of 1st period - Jeff Carter wins face-off versus Michal Handzus in Bruins zone.
15:03 of 1st period - Minor Penalty to Jeff Carter for Tripping.
15:04 of 1st period - Eric Lindros wins face-off versus Eric Staal in Bruins zone.
15:17 of 1st period - Snap shot by Eric Staal.
15:17 of 1st period - Stopped by Evgeni Nabokov without a rebound.
15:18 of 1st period - Eric Staal wins face-off versus Eric Lindros in Bruins zone.
16:05 of 1st period - Alexander Semin is hit by Daniel Briere.
17:03 of 1st period - Penalty to Jeff Carter is over, Jeff Carter is back on ice.
18:58 of 1st period - Wrist shot by Jeff Carter.
18:58 of 1st period - Stopped by Pekka Rinne without a rebound.
18:59 of 1st period - Matt Hendricks wins face-off versus Josef Vasicek in Flames zone.
19:00 of 1st period - Wrist shot by Michael Ryder.
19:00 of 1st period - Shot Misses the Net.
19:25 of 1st period - Icing by David Backes.
19:26 of 1st period - Eric Lindros wins face-off versus Steven Reinprecht in Flames zone.
19:31 of 1st period - Wrist shot by Wojtek Wolski.
19:31 of 1st period - Stopped by Pekka Rinne without a rebound.
19:32 of 1st period - Eric Lindros wins face-off versus Eric Staal in Flames zone.
19:36 of 1st period - Minor Penalty to Daniel Briere for Interference.
19:37 of 1st period - Eric Staal wins face-off versus Eric Lindros in Bruins zone.
19:42 of 1st period - Snap shot by Eric Staal.
19:42 of 1st period - Stopped by Evgeni Nabokov with a rebound.
19:44 of 1st period - Slapshot by Rob Blake.
19:44 of 1st period - Stopped by Evgeni Nabokov without a rebound.
19:45 of 1st period - Eric Lindros wins face-off versus Eric Staal in Bruins zone.
2nd period
0:01 of 2nd period - Eric Lindros wins face-off versus Eric Staal in neutral zone.
1:36 of 2nd period - Penalty to Daniel Briere is over, Daniel Briere is back on ice.
2:07 of 2nd period - Slapshot by Scott Hartnell.
2:07 of 2nd period - Stopped by Pekka Rinne with a rebound.
3:47 of 2nd period - Snap shot by Scott Hartnell.
3:47 of 2nd period - Stopped by Pekka Rinne with a rebound.
3:49 of 2nd period - Wrist shot by Scott Hartnell.
3:49 of 2nd period - Shot Misses the Net.
4:31 of 2nd period - Snap shot by Daniel Briere.
4:31 of 2nd period - Shot Misses the Net.
4:42 of 2nd period - Minor Penalty to Matt Cooke for Holding.
4:43 of 2nd period - Eric Staal wins face-off versus Eric Lindros in Bruins zone.
4:52 of 2nd period - Slapshot by Alexander Semin.
4:52 of 2nd period - Deflect By Daniel Briere.
4:52 of 2nd period - Shot Misses the Net.
4:52 of 2nd period - Puck is out of play.
4:53 of 2nd period - Eric Staal wins face-off versus Eric Lindros in Bruins zone.
5:20 of 2nd period - Wrist shot by Alexander Semin.
5:20 of 2nd period - Stopped by Evgeni Nabokov with a rebound.
6:06 of 2nd period - Slapshot by Eric Staal.
6:06 of 2nd period - Shot Blocked by Joe Corvo.
6:42 of 2nd period - Penalty to Matt Cooke is over, Matt Cooke is back on ice.
6:50 of 2nd period - Slapshot by David Backes.
6:50 of 2nd period - Stopped by Evgeni Nabokov without a rebound.
6:51 of 2nd period - Steven Reinprecht wins face-off versus Matt Hendricks in Bruins zone.
6:54 of 2nd period - Wrist shot by David Backes.
6:54 of 2nd period - Stopped by Evgeni Nabokov without a rebound.
6:55 of 2nd period - Josef Vasicek wins face-off versus Matt Hendricks in Bruins zone.
7:18 of 2nd period - Backhand shot by Michael Ryder.
7:18 of 2nd period - Shot Misses the Net.
7:20 of 2nd period - Wrist shot by Michael Ryder.
7:20 of 2nd period - Stopped by Pekka Rinne with a rebound.
7:22 of 2nd period - Snap shot by Scottie Upshall.
7:22 of 2nd period - Stopped by Pekka Rinne with a rebound.
7:24 of 2nd period - Wrist shot by Matt Hendricks.
7:24 of 2nd period - Shot Misses the Net.
7:26 of 2nd period - Wrist shot by Michael Ryder.
7:26 of 2nd period - Goal by Michael Ryder - Bruins : 3 - Flames : 0.
7:27 of 2nd period - Eric Lindros wins face-off versus Eric Staal in neutral zone.
7:32 of 2nd period - Slapshot by Zdeno Chara.
7:32 of 2nd period - Shot Blocked by Steve Eminger.
7:34 of 2nd period - Slapshot by Andrew Alberts.
7:34 of 2nd period - Stopped by Pekka Rinne with a rebound.
7:36 of 2nd period - Slapshot by Andrew Alberts.
7:36 of 2nd period - Stopped by Pekka Rinne with a rebound.
7:56 of 2nd period - Snap shot by Andrew Alberts.
7:56 of 2nd period - Shot Blocked by Erik Johnson.
8:11 of 2nd period - Minor Penalty to Jeff Carter for Hooking.
8:12 of 2nd period - Eric Staal wins face-off versus Eric Lindros in Bruins zone.
8:49 of 2nd period - Slapshot by Josef Vasicek.
8:49 of 2nd period - Stopped by Evgeni Nabokov without a rebound.
8:50 of 2nd period - Eric Lindros wins face-off versus Josef Vasicek in Bruins zone.
8:50 of 2nd period - Eric Lindros is hit by Erik Johnson.
9:22 of 2nd period - Snap shot by Josef Vasicek.
9:22 of 2nd period - Stopped by Evgeni Nabokov with a rebound.
10:11 of 2nd period - Penalty to Jeff Carter is over, Jeff Carter is back on ice.
11:00 of 2nd period - Matt Cooke is hit by Eric Staal and loses puck.
11:11 of 2nd period - Slapshot by Pavel Bure.
11:11 of 2nd period - Stopped by Evgeni Nabokov without a rebound.
11:12 of 2nd period - Eric Staal wins face-off versus Scott Hartnell in Bruins zone.
11:13 of 2nd period - Slapshot by Petr Schastlivy.
11:13 of 2nd period - Shot Misses the Net.
11:18 of 2nd period - Minor Penalty to Petr Schastlivy for Holding.
11:19 of 2nd period - Michal Handzus wins face-off versus Eric Lindros in Flames zone.
11:28 of 2nd period - Jordin Tootoo is hit by Eric Lindros and loses puck.
11:33 of 2nd period - Wrist shot by Wojtek Wolski.
11:33 of 2nd period - Shot Blocked by Steve Eminger.
11:35 of 2nd period - Wrist shot by Eric Lindros.
11:35 of 2nd period - Stopped by Pekka Rinne without a rebound.
11:36 of 2nd period - Michal Handzus wins face-off versus Wojtek Wolski in Flames zone.
11:36 of 2nd period - Michal Handzus is hit by Daniel Briere.
12:19 of 2nd period - Slapshot by Rob Blake.
12:19 of 2nd period - Shot Misses the Net.
13:18 of 2nd period - Penalty to Petr Schastlivy is over, Petr Schastlivy is back on ice.
13:31 of 2nd period - Wrist shot by Pavel Bure.
13:31 of 2nd period - Stopped by Evgeni Nabokov with a rebound.
14:25 of 2nd period - Jordin Tootoo is hit by Scott Hartnell and loses puck.
14:59 of 2nd period - Icing by Ron Hainsey.
15:00 of 2nd period - Jeff Carter wins face-off versus Eric Staal in Flames zone.
15:42 of 2nd period - Icing by Alexander Semin.
15:43 of 2nd period - Eric Lindros wins face-off versus Josef Vasicek in Flames zone.
16:10 of 2nd period - Snap shot by Matt Cooke.
16:10 of 2nd period - Shot Blocked by Ron Hainsey.
16:56 of 2nd period - Snap shot by Steve Sullivan.
16:56 of 2nd period - Stopped by Evgeni Nabokov with a rebound.
16:58 of 2nd period - Slapshot by Ron Hainsey.
16:58 of 2nd period - Stopped by Evgeni Nabokov without a rebound.
16:59 of 2nd period - Eric Lindros wins face-off versus Eric Staal in Bruins zone.
17:22 of 2nd period - Icing by Petr Schastlivy.
17:23 of 2nd period - Jeff Carter wins face-off versus Eric Staal in Flames zone.
17:26 of 2nd period - Slapshot by Vitali Yachmenev.
17:26 of 2nd period - Deflect By Tomas Kaberle.
17:26 of 2nd period - Stopped by Pekka Rinne without a rebound.
17:27 of 2nd period - Jeff Carter wins face-off versus Petr Schastlivy in Flames zone.
17:36 of 2nd period - Wrist shot by Scott Hartnell.
17:36 of 2nd period - Stopped by Pekka Rinne without a rebound.
17:37 of 2nd period - Eric Lindros wins face-off versus Eric Staal in Flames zone.
18:06 of 2nd period - Snap shot by Eric Staal.
18:06 of 2nd period - Goal by Eric Staal - Bruins : 3 - Flames : 1.
18:07 of 2nd period - Eric Lindros wins face-off versus Eric Staal in neutral zone.
18:38 of 2nd period - Off-side.
18:39 of 2nd period - Eric Lindros wins face-off versus Michal Handzus in neutral zone.
19:09 of 2nd period - Minor Penalty to Vitali Yachmenev for High sticking.
19:10 of 2nd period - Eric Lindros wins face-off versus Eric Staal in Bruins zone.
19:42 of 2nd period - Icing by Rob Blake.
19:43 of 2nd period - Wojtek Wolski wins face-off versus David Backes in Flames zone.
3rd period
0:01 of 3rd period - Eric Lindros wins face-off versus Eric Staal in neutral zone.
1:09 of 3rd period - Penalty to Vitali Yachmenev is over, Vitali Yachmenev is back on ice.
1:17 of 3rd period - David Backes is hit by Zdeno Chara and loses puck.
1:26 of 3rd period - Wrist shot by Vitali Yachmenev.
1:26 of 3rd period - Goal by Vitali Yachmenev - Bruins : 4 - Flames : 1.
1:27 of 3rd period - Eric Lindros wins face-off versus Eric Staal in neutral zone.
1:27 of 3rd period - Minor Penalty to Daniel Briere for Interference.
1:28 of 3rd period - Eric Lindros wins face-off versus Eric Staal in Bruins zone.
1:28 of 3rd period - Eric Lindros is hit by Eric Staal.
3:27 of 3rd period - Penalty to Daniel Briere is over, Daniel Briere is back on ice.
3:31 of 3rd period - Daniel Briere is hit by Jordin Tootoo and loses puck.
3:54 of 3rd period - Wrist shot by Jeff Carter.
3:54 of 3rd period - Deflect By Scott Hartnell.
3:54 of 3rd period - Stopped by Pekka Rinne with a rebound.
3:56 of 3rd period - Slapshot by Christoph Schubert.
3:56 of 3rd period - Shot Misses the Net.
4:02 of 3rd period - Jeff Carter is hit by Mark Bell.
4:06 of 3rd period - Mark Bell is hit by Richard Lintner and loses puck.
4:13 of 3rd period - Derek Meech is hit by Christoph Schubert and loses puck.
4:26 of 3rd period - Snap shot by Vitali Yachmenev.
4:26 of 3rd period - Stopped by Pekka Rinne with a rebound.
4:32 of 3rd period - Richard Lintner is hit by David Backes and loses puck.
4:41 of 3rd period - Snap shot by David Backes.
4:41 of 3rd period - Stopped by Evgeni Nabokov with a rebound.
4:43 of 3rd period - Snap shot by David Backes.
4:43 of 3rd period - Stopped by Evgeni Nabokov without a rebound.
4:44 of 3rd period - Matt Hendricks wins face-off versus Eric Staal in Bruins zone.
4:59 of 3rd period - Wrist shot by Eric Staal.
4:59 of 3rd period - Stopped by Evgeni Nabokov without a rebound.
5:00 of 3rd period - Josef Vasicek wins face-off versus Eric Lindros in Bruins zone.
5:11 of 3rd period - Slapshot by Steve Eminger.
5:11 of 3rd period - Shot Blocked by Wojtek Wolski.
5:34 of 3rd period - Slapshot by Eric Staal.
5:34 of 3rd period - Stopped by Evgeni Nabokov without a rebound.
5:35 of 3rd period - Josef Vasicek wins face-off versus Jeff Carter in Bruins zone.
6:20 of 3rd period - Snap shot by Alexander Semin.
6:20 of 3rd period - Stopped by Evgeni Nabokov without a rebound.
6:21 of 3rd period - Michal Handzus wins face-off versus Eric Lindros in Bruins zone.
6:22 of 3rd period - Snap shot by Alexander Semin.
6:22 of 3rd period - Shot Blocked by Zdeno Chara.
6:45 of 3rd period - Off-side.
6:46 of 3rd period - Eric Staal wins face-off versus Wayne Primeau in neutral zone.
6:53 of 3rd period - Slapshot by Pavel Bure.
6:53 of 3rd period - Stopped by Evgeni Nabokov with a rebound.
6:55 of 3rd period - Snap shot by Pavel Bure.
6:55 of 3rd period - Shot Hit the Post.
6:57 of 3rd period - Slapshot by Derek Meech.
6:57 of 3rd period - Shot Blocked by Ryan O'Byrne.
6:59 of 3rd period - Snap shot by Petr Schastlivy.
6:59 of 3rd period - Stopped by Evgeni Nabokov with a rebound.
7:38 of 3rd period - Slapshot by Ryan O'Byrne.
7:38 of 3rd period - Shot Misses the Net.
8:00 of 3rd period - Zdeno Chara is hit by Eric Staal and loses puck.
8:22 of 3rd period - Minor Penalty to Michal Handzus for Holding.
8:22 of 3rd period - Minor Penalty to Michael Ryder for High sticking.
8:23 of 3rd period - Eric Staal wins face-off versus Eric Lindros in Bruins zone.
8:24 of 3rd period - Snap shot by Pavel Bure.
8:24 of 3rd period - Shot Misses the Net.
8:26 of 3rd period - Snap shot by Eric Staal.
8:26 of 3rd period - Shot Misses the Net.
8:28 of 3rd period - Wrist shot by Eric Staal.
8:28 of 3rd period - Stopped by Evgeni Nabokov with a rebound.
8:30 of 3rd period - Snap shot by Pavel Bure.
8:30 of 3rd period - Deflect By Eric Staal.
8:30 of 3rd period - Shot Blocked by Eric Lindros.
8:30 of 3rd period - Puck is out of play.
8:31 of 3rd period - Eric Lindros wins face-off versus Eric Staal in Bruins zone.
8:31 of 3rd period - Eric Lindros is hit by Pavel Bure.
8:43 of 3rd period - Off-side.
8:44 of 3rd period - Eric Lindros wins face-off versus Eric Staal in neutral zone.
9:29 of 3rd period - Jeff Carter is hit by Steve Eminger.
10:22 of 3rd period - Penalty to Michal Handzus is over, Michal Handzus is back on ice.
10:22 of 3rd period - Penalty to Michael Ryder is over, Michael Ryder is back on ice.
10:27 of 3rd period - Matt Cooke is hit by Steve Sullivan and loses puck.
10:32 of 3rd period - Wrist shot by David Backes.
10:32 of 3rd period - Shot Blocked by Ryan O'Byrne.
10:34 of 3rd period - Wrist shot by Steve Sullivan.
10:34 of 3rd period - Stopped by Evgeni Nabokov without a rebound.
10:35 of 3rd period - Jeff Carter wins face-off versus Josef Vasicek in Bruins zone.
10:58 of 3rd period - Michael Ryder is hit by Ron Hainsey and loses puck.
11:03 of 3rd period - Snap shot by Eric Staal.
11:03 of 3rd period - Stopped by Evgeni Nabokov with a rebound.
11:05 of 3rd period - Snap shot by Steve Eminger.
11:05 of 3rd period - Stopped by Evgeni Nabokov without a rebound.
11:06 of 3rd period - Michal Handzus wins face-off versus Daniel Briere in Bruins zone.
11:07 of 3rd period - Snap shot by David Backes.
11:07 of 3rd period - Stopped by Evgeni Nabokov without a rebound.
11:08 of 3rd period - Michal Handzus wins face-off versus Eric Lindros in Bruins zone.
11:21 of 3rd period - Wrist shot by Wojtek Wolski.
11:21 of 3rd period - Shot Misses the Net.
11:23 of 3rd period - Slapshot by Richard Lintner.
11:23 of 3rd period - Shot Blocked by Alexander Semin.
11:50 of 3rd period - Minor Penalty to Josef Vasicek for Close Hand On Puck.
11:51 of 3rd period - Michal Handzus wins face-off versus Eric Lindros in Flames zone.
13:13 of 3rd period - Eric Staal is hit by Zdeno Chara and loses puck.
13:46 of 3rd period - Derek Meech is hit by Scottie Upshall and loses puck.
13:50 of 3rd period - Penalty to Josef Vasicek is over, Josef Vasicek is back on ice.
14:02 of 3rd period - Alexander Semin is hit by Wayne Primeau and loses puck.
14:06 of 3rd period - Minor Penalty to Victor Oreskovich for Elbowing.
14:07 of 3rd period - Eric Lindros wins face-off versus Josef Vasicek in Bruins zone.
14:14 of 3rd period - Backhand shot by Daniel Briere.
14:14 of 3rd period - Shot Blocked by Steve Sullivan.
14:16 of 3rd period - Slapshot by Joe Corvo.
14:16 of 3rd period - Stopped by Pekka Rinne without a rebound.
14:17 of 3rd period - Josef Vasicek wins face-off versus Eric Lindros in Flames zone.
14:40 of 3rd period - Slapshot by Josef Vasicek.
14:40 of 3rd period - Stopped by Evgeni Nabokov without a rebound.
14:41 of 3rd period - Wojtek Wolski wins face-off versus Eric Staal in Bruins zone.
14:53 of 3rd period - Wrist shot by Eric Staal.
14:53 of 3rd period - Goal by Eric Staal - Bruins : 4 - Flames : 2.
14:54 of 3rd period - Wojtek Wolski wins face-off versus Petr Schastlivy in neutral zone.
15:07 of 3rd period - Wrist shot by Petr Schastlivy.
15:07 of 3rd period - Shot Hit the Post.
15:09 of 3rd period - Slapshot by Tomas Kaberle.
15:09 of 3rd period - Stopped by Evgeni Nabokov with a rebound.
15:19 of 3rd period - Jordin Tootoo is hit by Victor Oreskovich and loses puck.
15:26 of 3rd period - Slapshot by Victor Oreskovich.
15:26 of 3rd period - Stopped by Pekka Rinne with a rebound.
15:28 of 3rd period - Snap shot by Ryan O'Byrne.
15:28 of 3rd period - Stopped by Pekka Rinne with a rebound.
15:30 of 3rd period - Wrist shot by Matt Cooke.
15:30 of 3rd period - Stopped by Pekka Rinne with a rebound.
15:32 of 3rd period - Slapshot by Joe Corvo.
15:32 of 3rd period - Deflect By Victor Oreskovich.
15:32 of 3rd period - Shot Misses the Net.
15:32 of 3rd period - Puck is out of play.
15:33 of 3rd period - Eric Lindros wins face-off versus Petr Schastlivy in Flames zone.
15:40 of 3rd period - Snap shot by Wojtek Wolski.
15:40 of 3rd period - Shot Misses the Net.
15:42 of 3rd period - Snap shot by Wojtek Wolski.
15:42 of 3rd period - Shot Misses the Net.
15:44 of 3rd period - Snap shot by Wojtek Wolski.
15:44 of 3rd period - Shot Blocked by Petr Schastlivy.
15:46 of 3rd period - Wrist shot by Wojtek Wolski.
15:46 of 3rd period - Deflect By Eric Lindros.
15:46 of 3rd period - Goal by Eric Lindros - Bruins : 5 - Flames : 2.
15:47 of 3rd period - Eric Staal wins face-off versus Eric Lindros in neutral zone.
16:34 of 3rd period - Jordin Tootoo is hit by Andrew Alberts and loses puck.
16:47 of 3rd period - Slapshot by Tomas Kaberle.
16:47 of 3rd period - Shot Misses the Net.
16:49 of 3rd period - Wrist shot by Jordin Tootoo.
16:49 of 3rd period - Stopped by Evgeni Nabokov without a rebound.
16:50 of 3rd period - Eric Staal wins face-off versus Jeff Carter in Bruins zone.
17:15 of 3rd period - Alexander Semin is hit by Wayne Primeau and loses puck.
17:20 of 3rd period - Snap shot by Victor Oreskovich.
17:20 of 3rd period - Shot Blocked by Alexander Semin.
17:22 of 3rd period - Slapshot by Ryan O'Byrne.
17:22 of 3rd period - Stopped by Pekka Rinne with a rebound.
17:24 of 3rd period - Slapshot by Joe Corvo.
17:24 of 3rd period - Stopped by Pekka Rinne with a rebound.
17:26 of 3rd period - Wrist shot by Victor Oreskovich.
17:26 of 3rd period - Stopped by Pekka Rinne without a rebound.
17:27 of 3rd period - Eric Staal wins face-off versus Michael Ryder in Flames zone.
18:06 of 3rd period - Christoph Schubert is hit by Michal Handzus and loses puck.
18:35 of 3rd period - Off-side.
18:36 of 3rd period - Eric Lindros wins face-off versus Eric Staal in neutral zone.
18:39 of 3rd period - Petr Schastlivy is hit by Daniel Briere and loses puck.
18:46 of 3rd period - Eric Lindros is hit by Petr Schastlivy and loses puck.
19:03 of 3rd period - Alexander Semin is hit by Scott Hartnell and loses puck.
19:14 of 3rd period - Jeff Carter is hit by David Backes and loses puck.
19:50 of 3rd period - Tomas Kaberle is hit by Zdeno Chara and loses puck.
19:53 of 3rd period - Snap shot by Steve Eminger.
19:53 of 3rd period - Shot Misses the Net.
19:55 of 3rd period - Snap shot by Pavel Bure.
19:55 of 3rd period - Shot Blocked by Zdeno Chara.
19:57 of 3rd period - Snap shot by Steve Eminger.
19:57 of 3rd period - Stopped by Evgeni Nabokov without a rebound.
19:58 of 3rd period - Eric Staal wins face-off versus Jeff Carter in Bruins zone.
Output by the SimonT Hockey Simulator (STHS) for François Prévost -- Original Page W3C XHTML 1.0 Valid